2497 views
Uploaded 2021-07-30 19:19:35
Game version 1.32.10
20:34 long 4on4 ladder game on (8)Northshire_LV
Saved by AskeLange
2497 views
Uploaded 2021-07-30 19:19:35
Game version 1.32.10
20:34 long 4on4 ladder game on (8)Northshire_LV


190 units @ 24.6k
/ 2.4k
91 buildings @ 14k
/ 5k


| Scroll of Regeneration | 1 | 100 |
| Scroll of Town Portal | 1 | 350 |
| total: | 2 | 450g |
| Peasant | 7 | 525 | / | 0 |
| Footman | 6 | 810 | / | 0 |
| Priest | 15 | 2025 | / | 150 |
| Knight | 10 | 2450 | / | 600 |
| Spell Breaker | 6 | 1290 | / | 180 |
| total: | 44 | 7100g | / | 930w |
| Scout Tower | 7 | 210 | / | 140 |
| Guard Tower | 5 | 350 | / | 250 |
| Altar of Kings | 1 | 180 | / | 50 |
| Farm | 10 | 800 | / | 200 |
| Barracks | 1 | 160 | / | 60 |
| Lumber Mill | 1 | 120 | / | 0 |
| Arcane Vault | 1 | 130 | / | 30 |
| Blacksmith | 1 | 140 | / | 60 |
| Town Hall | 1 | 385 | / | 205 |
| Arcane Sanctum | 1 | 150 | / | 140 |
| Keep | 1 | 320 | / | 210 |
| Castle | 1 | 360 | / | 210 |
| total: | 24 | 2275g | / | 885w |
| 0:06 | Peasant |
| 0:06 | Peasant |
| 0:19 | Altar of Kings |
| 0:22 | Farm |
| 0:39 | Peasant |
| 0:43 | Barracks |
| 0:49 | Peasant |
| 0:54 | Farm |
| 1:05 | Peasant |
| 1:31 | Peasant |
| 1:57 | Footman |
| 1:57 | Footman |
| 2:22 | Keep |
| 2:26 | Lumber Mill |
| 2:37 | Farm |
| 2:40 | Farm |
| 2:53 | Footman |
| 3:03 | Storm Bolt |
| 3:15 | Defend |
| 3:49 | Footman |
| 3:59 | Farm |
| 4:00 | Farm |
| 4:03 | Improved Lumber Harvesting |
| 4:24 | Footman |
| 4:42 | Scout Tower |
| 4:44 | Scout Tower |
| 4:45 | Scout Tower |
| 4:46 | Scout Tower |
| 4:53 | Peasant |
| 4:56 | Footman |
| 5:02 | Arcane Sanctum |
| 5:44 | Bash |
| 5:47 | Advanced Lumber Harvesting |
| 6:02 | Arcane Vault |
| 6:08 | Guard Tower |
| 6:59 | Castle |
| 7:07 | Priest Adept Training |
| 7:09 | Priest |
| 7:14 | Scroll of Regeneration |
| 7:56 | Summon Water Elemental |
| 8:20 | Priest |
| 8:20 | Priest |
| 8:28 | Farm |
| 8:29 | Farm |
| 8:30 | Farm |
| 8:32 | Farm |
| 8:35 | Guard Tower |
| 9:24 | Storm Bolt |
| 10:28 | Blacksmith |
| 10:30 | Priest |
| 10:30 | Priest |
| 11:26 | Scout Tower |
| 11:27 | Scout Tower |
| 11:28 | Scout Tower |
| 11:32 | Knight |
| 11:32 | Knight |
| 11:33 | Knight |
| 11:34 | Animal War Training |
| 11:37 | Spell Breaker |
| 11:37 | Spell Breaker |
| 11:39 | Priest |
| 11:39 | Priest |
| 11:40 | Priest |
| 11:56 | Brilliance Aura |
| 12:33 | Guard Tower |
| 12:36 | Guard Tower |
| 12:40 | Knight |
| 13:46 | Priest |
| 13:46 | Priest |
| 13:49 | Knight |
| 13:52 | Guard Tower |
| 14:44 | Knight |
| 14:48 | Priest |
| 14:49 | Priest |
| 14:53 | Iron Forged Swords |
| 14:59 | Iron Plating |
| 15:56 | Town Hall |
| 16:54 | Scroll of Town Portal |
| 18:18 | Priest |
| 18:19 | Priest |
| 18:21 | Knight |
| 18:36 | Spell Breaker |
| 18:36 | Spell Breaker |
| 19:06 | Knight |
| 19:28 | Knight |
| 19:31 | Steel Forged Swords |
| 19:35 | Priest |
| 19:37 | Spell Breaker |
| 20:03 | Knight |
| 20:06 | Spell Breaker |
| Right click | 250 |
| Select | 139 |
| Build/train/purchase | 71 |
| Select group | 56 |
| Use ability | 19 |
| Assign group | 12 |
| Remove unit | 6 |
| Minimap ping | 1 |



x1)
| Rod of Necromancy | 2 | 300 |
| Potion of Mana | 3 | 600 |
| Potion of Healing | 5 | 750 |
| Scroll of Town Portal | 2 | 700 |
| Scroll of Healing | 2 | 500 |
| Tome of Retraining | 1 | 300 |
| Boots of Speed | 3 | 750 |
| Potion of Lesser Invulnerability | 2 | 300 |
| Scroll of Protection | 2 | 300 |
| total: | 22 | 4500g |
| Acolyte | 28 | 2100 | / | 0 |
| Ghoul | 13 | 1560 | / | 0 |
| Obsidian Statue | 2 | 400 | / | 70 |
| Goblin Shredder | 4 | 1500 | / | 400 |
| total: | 47 | 5560g | / | 470w |
| Crypt | 7 | 1400 | / | 350 |
| Ziggurat | 5 | 750 | / | 250 |
| Altar of Darkness | 1 | 180 | / | 50 |
| Tomb of Relics | 3 | 390 | / | 90 |
| Necropolis | 6 | 1350 | / | 0 |
| Graveyard | 2 | 430 | / | 0 |
| Slaughterhouse | 8 | 1120 | / | 1080 |
| Halls of the Dead | 1 | 320 | / | 210 |
| Black Citadel | 2 | 650 | / | 460 |
| total: | 32 | 5620g | / | 1820w |
| 0:04 | Acolyte |
| 0:10 | Crypt |
| 0:12 | Crypt |
| 0:13 | Acolyte |
| 0:15 | Ziggurat |
| 0:32 | Altar of Darkness |
| 0:59 | Ziggurat |
| 1:00 | Ziggurat |
| 1:17 | Ghoul |
| 1:21 | Tomb of Relics |
| 1:25 | Tomb of Relics |
| 1:32 | Ghoul |
| 1:42 | Ghoul |
| 1:57 | Ghoul |
| 1:58 | Acolyte |
| 2:24 | Ghoul |
| 2:35 | Sleep |
| 2:37 | Rod of Necromancy |
| 2:40 | Halls of the Dead |
| 2:51 | Ghoul |
| 3:06 | Ghoul |
| 3:16 | Ghoul |
| 3:42 | Vampiric Aura |
| 3:51 | Necropolis |
| 4:50 | Rod of Necromancy |
| 5:02 | Black Citadel |
| 5:24 | Acolyte |
| 5:25 | Acolyte |
| 5:25 | Acolyte |
| 5:25 | Acolyte |
| 5:25 | Acolyte |
| 5:45 | Ziggurat |
| 5:56 | Sleep |
| 6:12 | Graveyard |
| 6:14 | Tomb of Relics |
| 7:01 | Crypt |
| 7:03 | Crypt |
| 7:06 | Graveyard |
| 7:18 | Goblin Shredder |
| 7:18 | Goblin Shredder |
| 7:46 | Cluster Rockets |
| 7:47 | Breath of Fire |
| 8:20 | Tome of Retraining |
| 8:20 | Retrain Hero |
| 8:21 | Boots of Speed |
| 8:36 | Potion of Lesser Invulnerability |
| 8:46 | Boots of Speed |
| 8:56 | Ghoul Frenzy |
| 8:58 | Unholy Strength |
| 8:58 | Unholy Armor |
| 10:03 | Improved Unholy Strength |
| 10:03 | Improved Unholy Armor |
| 10:05 | Stone Form |
| 10:07 | Vampiric Aura |
| 10:31 | Scroll of Town Portal |
| 10:34 | Boots of Speed |
| 10:39 | Carrion Swarm |
| 10:39 | Vampiric Aura |
| 10:39 | Vampiric Aura |
| 10:42 | Potion of Lesser Invulnerability |
| 10:48 | Scroll of Healing |
| 10:49 | Scroll of Protection |
| 10:51 | Scroll of Healing |
| 10:51 | Scroll of Protection |
| 11:17 | Engineering Upgrade |
| 11:18 | Drunken Brawler |
| 11:23 | Necropolis |
| 11:26 | Necropolis |
| 11:33 | Ghoul |
| 11:50 | Ghoul |
| 12:52 | Advanced Unholy Strength |
| 12:52 | Advanced Unholy Armor |
| 12:53 | Creature Attack |
| 12:56 | Acolyte |
| 13:19 | Ziggurat |
| 13:23 | Goblin Shredder |
| 13:23 | Goblin Shredder |
| 13:46 | Ghoul |
| 13:49 | Crypt |
| 13:50 | Crypt |
| 13:51 | Crypt |
| 13:58 | Slaughterhouse |
| 13:59 | Slaughterhouse |
| 13:59 | Slaughterhouse |
| 14:29 | Acolyte |
| 14:29 | Acolyte |
| 14:29 | Acolyte |
| 14:30 | Acolyte |
| 14:30 | Acolyte |
| 14:33 | Acolyte |
| 14:34 | Acolyte |
| 14:34 | Acolyte |
| 14:34 | Acolyte |
| 14:34 | Acolyte |
| 14:41 | Creature Carapace |
| 14:41 | Improved Creature Carapace |
| 14:44 | Ghoul |
| 15:08 | Destroyer Form |
| 15:18 | Acolyte |
| 15:19 | Acolyte |
| 15:22 | Acolyte |
| 15:49 | Improved Creature Attack |
| 15:50 | Advanced Creature Carapace |
| 15:54 | Necropolis |
| 16:14 | Necropolis |
| 16:40 | Slaughterhouse |
| 16:40 | Slaughterhouse |
| 16:42 | Slaughterhouse |
| 16:42 | Slaughterhouse |
| 16:44 | Slaughterhouse |
| 17:15 | Ghoul |
| 17:27 | Scroll of Town Portal |
| 17:28 | Potion of Mana |
| 17:28 | Potion of Mana |
| 17:28 | Potion of Healing |
| 17:33 | Obsidian Statue |
| 17:33 | Obsidian Statue |
| 17:48 | Acolyte |
| 17:48 | Acolyte |
| 17:48 | Acolyte |
| 17:48 | Acolyte |
| 17:49 | Acolyte |
| 17:53 | Acolyte |
| 18:42 | Necropolis |
| 19:17 | Potion of Healing |
| 19:17 | Potion of Healing |
| 19:20 | Potion of Healing |
| 19:21 | Potion of Healing |
| 19:21 | Potion of Mana |
| 19:49 | Cluster Rockets |
| Right click | 879 |
| Select group | 807 |
| Select | 318 |
| Misc. action | 216 |
| Assign group | 195 |
| Build/train/purchase | 161 |
| Use ability | 145 |
| Esc | 7 |
| Chat | 6 |
| Item give/drop | 4 |
| Minimap ping | 4 |

| Scroll of Town Portal | 2 | 700 |
| Scroll of Healing | 1 | 250 |
| total: | 3 | 950g |
| Wisp | 16 | 960 | / | 0 |
| Archer | 26 | 3380 | / | 260 |
| Hippogryph | 9 | 1440 | / | 180 |
| Forest Troll High Priest | 1 | 305 | / | 40 |
| total: | 52 | 6085g | / | 480w |
| Moon Well | 6 | 1080 | / | 240 |
| Altar of Elders | 1 | 180 | / | 50 |
| Ancient of War | 2 | 300 | / | 120 |
| Hunter's Hall | 1 | 210 | / | 100 |
| Ancient of Wonders | 2 | 180 | / | 60 |
| Tree of Life | 1 | 340 | / | 185 |
| Ancient of Wind | 2 | 300 | / | 280 |
| Tree of Ages | 1 | 320 | / | 180 |
| Tree of Eternity | 1 | 330 | / | 200 |
| total: | 15 | 2590g | / | 1035w |
| 0:04 | Wisp |
| 0:05 | Moon Well |
| 0:07 | Altar of Elders |
| 0:08 | Wisp |
| 0:29 | Wisp |
| 0:42 | Ancient of War |
| 1:12 | Wisp |
| 1:12 | Wisp |
| 1:36 | Moon Well |
| 1:37 | Wisp |
| 1:44 | Archer |
| 1:55 | Wisp |
| 1:58 | Archer |
| 2:15 | Trueshot Aura |
| 2:20 | Archer |
| 2:25 | Archer |
| 2:30 | Ancient of War |
| 2:38 | Moon Well |
| 2:50 | Archer |
| 2:50 | Archer |
| 3:07 | Archer |
| 3:27 | Hunter's Hall |
| 3:40 | Searing Arrows |
| 3:52 | Archer |
| 4:38 | Archer |
| 4:41 | Wisp |
| 4:47 | Wisp |
| 5:40 | Trueshot Aura |
| 5:43 | Archer |
| 5:44 | Archer |
| 5:55 | Tree of Ages |
| 6:38 | Archer |
| 6:46 | Moon Armor |
| 6:52 | Moon Well |
| 7:26 | Archer |
| 7:50 | Ancient of Wonders |
| 7:51 | Archer |
| 7:54 | Strength of the Moon |
| 8:18 | Improved Bows |
| 8:37 | Archer |
| 8:43 | Ancient of Wind |
| 8:46 | Wisp |
| 8:46 | Wisp |
| 9:04 | Searing Arrows |
| 9:16 | Archer |
| 9:42 | Tree of Life |
| 10:09 | Forest Troll High Priest |
| 10:24 | Hippogryph |
| 11:16 | Hippogryph |
| 11:16 | Hippogryph |
| 11:27 | Ancient of Wind |
| 11:54 | Archer |
| 12:06 | Wisp |
| 12:06 | Wisp |
| 12:06 | Wisp |
| 12:06 | Wisp |
| 12:07 | Wisp |
| 12:15 | Trueshot Aura |
| 12:42 | Archer |
| 13:02 | Improved Strength of the Moon |
| 13:06 | Hippogryph |
| 13:39 | Hippogryph |
| 13:40 | Archer |
| 13:43 | Moon Well |
| 14:03 | Scroll of Town Portal |
| 14:46 | Archer |
| 14:47 | Hippogryph |
| 15:21 | Archer |
| 15:22 | Hippogryph |
| 15:28 | Moon Well |
| 16:08 | Tree of Eternity |
| 16:09 | Improved Moon Armor |
| 16:39 | Starfall |
| 16:44 | Hippogryph |
| 16:46 | Archer |
| 17:12 | Archer |
| 18:09 | Archer |
| 18:11 | Hippogryph |
| 18:14 | Ancient of Wonders |
| 18:33 | Advanced Strength of the Moon |
| 18:33 | Advanced Moon Armor |
| 18:35 | Archer |
| 18:38 | Archer |
| 18:59 | Scroll of Town Portal |
| 19:00 | Scroll of Healing |
| Right click | 626 |
| Select | 395 |
| Chat | 159 |
| Build/train/purchase | 97 |
| Select group | 43 |
| Minimap ping | 14 |
| Resource trade | 8 |
| Assign group | 7 |
| Use ability | 7 |
| Item give/drop | 7 |
| Remove unit | 1 |


| Healing Salve | 2 | 200 |
| Lesser Clarity Potion | 1 | 70 |
| total: | 3 | 270g |
| Peon | 15 | 1125 | / | 0 |
| Grunt | 5 | 1000 | / | 0 |
| Troll Headhunter | 17 | 2380 | / | 340 |
| Troll Berserker | 7 | 980 | / | 140 |
| Shaman | 3 | 390 | / | 60 |
| total: | 47 | 5875g | / | 540w |
| Watch Tower | 2 | 220 | / | 160 |
| Altar of Storms | 2 | 360 | / | 100 |
| Orc Burrow | 6 | 960 | / | 240 |
| Barracks | 4 | 720 | / | 200 |
| War Mill | 2 | 410 | / | 0 |
| Voodoo Lounge | 1 | 130 | / | 30 |
| Great Hall | 1 | 385 | / | 185 |
| Spirit Lodge | 2 | 300 | / | 300 |
| Stronghold | 2 | 630 | / | 380 |
| Fortress | 1 | 325 | / | 190 |
| total: | 20 | 3485g | / | 1215w |
| 0:03 | Peon |
| 0:03 | Peon |
| 0:07 | Altar of Storms |
| 0:11 | Orc Burrow |
| 0:12 | Peon |
| 0:38 | Barracks |
| 0:48 | Peon |
| 1:12 | Peon |
| 1:24 | Orc Burrow |
| 1:40 | Grunt |
| 1:40 | Grunt |
| 1:48 | Peon |
| 2:05 | Peon |
| 2:09 | Shockwave |
| 2:25 | Grunt |
| 2:42 | War Mill |
| 2:52 | Grunt |
| 2:57 | Peon |
| 3:34 | Endurance Aura |
| 3:40 | Voodoo Lounge |
| 3:46 | Orc Burrow |
| 3:55 | Troll Headhunter |
| 4:15 | Troll Headhunter |
| 4:25 | Troll Headhunter |
| 4:41 | Troll Headhunter |
| 5:15 | Troll Headhunter |
| 5:46 | Great Hall |
| 5:57 | Healing Salve |
| 6:05 | Healing Salve |
| 6:11 | Lesser Clarity Potion |
| 6:28 | Troll Headhunter |
| 6:41 | Steel Ranged Weapons |
| 6:54 | Endurance Aura |
| 7:09 | Watch Tower |
| 7:10 | Watch Tower |
| 7:39 | Troll Headhunter |
| 7:58 | Orc Burrow |
| 8:20 | Stronghold |
| 8:39 | Troll Headhunter |
| 8:43 | Steel Armor |
| 8:44 | Thorium Armor |
| 8:47 | Peon |
| 8:47 | Peon |
| 9:16 | Troll Headhunter |
| 9:20 | Peon |
| 9:20 | Peon |
| 9:20 | Peon |
| 9:39 | Troll Headhunter |
| 9:50 | Spiked Barricades |
| 9:56 | Troll Headhunter |
| 10:43 | Troll Headhunter |
| 10:43 | Troll Regeneration |
| 11:26 | Fortress |
| 11:28 | Thorium Ranged Weapons |
| 11:29 | Arcanite Armor |
| 11:56 | Troll Headhunter |
| 11:59 | Healing Wave |
| 12:23 | Troll Headhunter |
| 12:45 | Troll Headhunter |
| 13:05 | Troll Headhunter |
| 13:18 | Spirit Lodge |
| 13:19 | Spirit Lodge |
| 14:17 | Berserker Upgrade |
| 14:40 | Shockwave |
| 14:50 | Hex |
| 14:57 | Troll Headhunter |
| 15:36 | Troll Berserker |
| 15:42 | Arcanite Ranged Weapons |
| 15:46 | Shaman Adept Training |
| 15:47 | Shaman |
| 15:49 | Shaman |
| 15:51 | Troll Berserker |
| 16:06 | Healing Wave |
| 16:43 | Shaman |
| 16:45 | Troll Berserker |
| 16:58 | Barracks |
| 17:18 | Grunt |
| 17:20 | Troll Berserker |
| 17:22 | Troll Berserker |
| 17:47 | Barracks |
| 17:50 | Barracks |
| 17:57 | Orc Burrow |
| 18:19 | Troll Berserker |
| 18:28 | Peon |
| 18:28 | Peon |
| 18:36 | Altar of Storms |
| 18:56 | Orc Burrow |
| 18:59 | Stronghold |
| 19:02 | Troll Berserker |
| 19:41 | War Mill |
| Right click | 809 |
| Select | 298 |
| Select group | 192 |
| Misc. action | 138 |
| Build/train/purchase | 79 |
| Use ability | 31 |
| Chat | 26 |
| Resource trade | 16 |
| Assign group | 8 |
| Minimap ping | 7 |
| Item give/drop | 4 |
| Remove unit | 3 |
196 units @ 29.2k
/ 4.1k
83 buildings @ 12.4k
/ 5.1k



| Healing Salve | 6 | 600 |
| Lesser Clarity Potion | 3 | 210 |
| Orb of Lightning | 1 | 375 |
| Scroll of Town Portal | 4 | 1400 |
| total: | 14 | 2585g |
| Peon | 14 | 1050 | / | 0 |
| Wind Rider | 23 | 6095 | / | 920 |
| Shaman | 9 | 1170 | / | 180 |
| Troll Witch Doctor | 4 | 580 | / | 100 |
| total: | 50 | 8895g | / | 1200w |
| Watch Tower | 1 | 110 | / | 80 |
| Orc Burrow | 6 | 960 | / | 240 |
| Altar of Storms | 1 | 180 | / | 50 |
| Voodoo Lounge | 1 | 130 | / | 30 |
| War Mill | 1 | 205 | / | 0 |
| Great Hall | 1 | 385 | / | 185 |
| Spirit Lodge | 1 | 150 | / | 150 |
| Beastiary | 3 | 435 | / | 420 |
| Stronghold | 2 | 630 | / | 380 |
| Fortress | 1 | 325 | / | 190 |
| total: | 15 | 2555g | / | 1155w |
| 0:03 | Peon |
| 0:03 | Peon |
| 0:03 | Peon |
| 0:10 | Peon |
| 0:10 | Peon |
| 0:10 | Peon |
| 0:35 | Orc Burrow |
| 0:50 | Peon |
| 0:53 | Peon |
| 1:09 | Altar of Storms |
| 1:44 | Voodoo Lounge |
| 2:03 | Stronghold |
| 2:14 | Orc Burrow |
| 2:27 | War Mill |
| 3:09 | Feral Spirit |
| 3:48 | Healing Salve |
| 3:48 | Healing Salve |
| 3:48 | Lesser Clarity Potion |
| 3:48 | Lesser Clarity Potion |
| 4:25 | Spirit Lodge |
| 4:29 | Beastiary |
| 4:31 | Fortress |
| 4:36 | Chain Lighting |
| 4:46 | Beastiary |
| 5:15 | Orc Burrow |
| 5:17 | Steel Ranged Weapons |
| 5:37 | Shaman Adept Training |
| 5:40 | Healing Salve |
| 5:40 | Lesser Clarity Potion |
| 5:47 | War Stomp |
| 6:17 | Great Hall |
| 6:36 | Wind Rider |
| 6:54 | Peon |
| 7:01 | Shaman Master Training |
| 7:12 | Wind Rider |
| 7:12 | Wind Rider |
| 7:14 | Healing Salve |
| 7:41 | Shaman |
| 7:44 | Feral Spirit |
| 7:52 | Shaman |
| 7:57 | Orc Burrow |
| 8:02 | Endurance Aura |
| 8:31 | Shaman |
| 8:33 | Wind Rider |
| 8:57 | Peon |
| 8:57 | Peon |
| 8:57 | Peon |
| 8:57 | Peon |
| 8:57 | Peon |
| 9:59 | Shaman |
| 10:00 | Wind Rider |
| 10:00 | Envenomed Spears |
| 10:03 | Thorium Ranged Weapons |
| 10:42 | Shaman |
| 10:44 | Reinforced Defenses |
| 11:37 | Healing Wave |
| 11:41 | War Stomp |
| 12:00 | Wind Rider |
| 12:00 | Wind Rider |
| 12:04 | Chain Lighting |
| 12:06 | Scroll of Town Portal |
| 12:07 | Orb of Lightning |
| 12:19 | Wind Rider |
| 12:21 | Shaman |
| 12:23 | Orc Burrow |
| 13:30 | Beastiary |
| 13:31 | Wind Rider |
| 13:45 | Scroll of Town Portal |
| 14:09 | Scroll of Town Portal |
| 14:23 | Wind Rider |
| 14:25 | Orc Burrow |
| 14:51 | Wind Rider |
| 14:53 | Wind Rider |
| 14:54 | Witch Doctor Adept Training |
| 15:03 | Healing Salve |
| 15:09 | Scroll of Town Portal |
| 15:11 | Healing Salve |
| 15:41 | Wind Rider |
| 15:42 | Liquid Fire |
| 16:32 | Endurance Aura |
| 16:34 | Hex |
| 16:41 | Wind Rider |
| 16:43 | Wind Rider |
| 16:45 | Shaman |
| 16:45 | Witch Doctor Master Training |
| 17:34 | Chain Lighting |
| 17:58 | Healing Wave |
| 18:03 | Wind Rider |
| 18:04 | Wind Rider |
| 18:06 | Shaman |
| 18:06 | Troll Witch Doctor |
| 18:09 | Steel Armor |
| 18:09 | Arcanite Ranged Weapons |
| 18:36 | Wind Rider |
| 18:37 | Troll Witch Doctor |
| 18:37 | Shaman |
| 18:39 | Wind Rider |
| 18:40 | Spiked Barricades |
| 18:41 | Pillage |
| 19:20 | Endurance Aura |
| 19:55 | Watch Tower |
| 19:59 | Wind Rider |
| 20:00 | Wind Rider |
| 20:01 | Troll Witch Doctor |
| 20:29 | Wind Rider |
| 20:30 | Wind Rider |
| 20:32 | Troll Witch Doctor |
| Right click | 497 |
| Select | 386 |
| Build/train/purchase | 161 |
| Use ability | 41 |
| Chat | 20 |
| Item give/drop | 4 |
| Minimap ping | 3 |



| Scroll of Regeneration | 3 | 300 |
| Lesser Clarity Potion | 4 | 280 |
| Ivory Tower | 2 | 80 |
| Staff of Sanctuary | 2 | 500 |
| Potion of Mana | 2 | 400 |
| Scroll of Town Portal | 3 | 1050 |
| Scroll of Healing | 2 | 500 |
| Boots of Speed | 1 | 250 |
| Potion of Lesser Invulnerability | 2 | 300 |
| total: | 21 | 3660g |
| Peasant | 16 | 1200 | / | 0 |
| Footman | 10 | 1350 | / | 0 |
| Priest | 7 | 945 | / | 70 |
| Knight | 8 | 1960 | / | 480 |
| Goblin Shredder | 1 | 375 | / | 100 |
| total: | 42 | 5830g | / | 650w |
| Scout Tower | 6 | 180 | / | 120 |
| Arcane Tower | 2 | 140 | / | 100 |
| Guard Tower | 5 | 350 | / | 250 |
| Altar of Kings | 1 | 180 | / | 50 |
| Farm | 12 | 960 | / | 240 |
| Barracks | 3 | 480 | / | 180 |
| Town Hall | 1 | 385 | / | 205 |
| Blacksmith | 2 | 280 | / | 120 |
| Arcane Vault | 2 | 260 | / | 60 |
| Lumber Mill | 1 | 120 | / | 0 |
| Arcane Sanctum | 2 | 300 | / | 280 |
| Keep | 2 | 640 | / | 420 |
| Castle | 1 | 360 | / | 210 |
| total: | 30 | 3145g | / | 1255w |
| 0:01 | Peasant |
| 0:01 | Peasant |
| 0:06 | Altar of Kings |
| 0:17 | Farm |
| 0:20 | Barracks |
| 0:25 | Peasant |
| 0:34 | Peasant |
| 0:45 | Peasant |
| 0:56 | Farm |
| 1:00 | Peasant |
| 1:21 | Footman |
| 1:27 | Peasant |
| 1:38 | Footman |
| 1:48 | Farm |
| 1:54 | Peasant |
| 2:04 | Summon Water Elemental |
| 2:10 | Footman |
| 2:27 | Peasant |
| 2:28 | Footman |
| 2:41 | Peasant |
| 2:43 | Footman |
| 2:54 | Brilliance Aura |
| 2:59 | Farm |
| 3:42 | Footman |
| 3:42 | Peasant |
| 3:43 | Footman |
| 3:43 | Peasant |
| 3:56 | Town Hall |
| 3:59 | Scout Tower |
| 4:12 | Farm |
| 4:25 | Footman |
| 4:27 | Arcane Tower |
| 4:40 | Summon Water Elemental |
| 5:06 | Keep |
| 5:40 | Footman |
| 5:40 | Footman |
| 5:41 | Peasant |
| 5:41 | Peasant |
| 5:42 | Peasant |
| 5:42 | Peasant |
| 5:49 | Goblin Shredder |
| 6:02 | Blacksmith |
| 6:45 | Arcane Vault |
| 6:49 | Arcane Vault |
| 6:51 | Lumber Mill |
| 6:55 | Farm |
| 7:01 | Farm |
| 7:12 | Scout Tower |
| 7:13 | Scout Tower |
| 7:17 | Scout Tower |
| 7:18 | Scout Tower |
| 7:29 | Castle |
| 7:44 | Arcane Sanctum |
| 7:48 | Scroll of Regeneration |
| 7:48 | Lesser Clarity Potion |
| 7:50 | Lesser Clarity Potion |
| 7:53 | Ivory Tower |
| 7:53 | Ivory Tower |
| 8:01 | Arcane Tower |
| 8:03 | Guard Tower |
| 8:05 | Scout Tower |
| 8:11 | Guard Tower |
| 8:30 | Arcane Sanctum |
| 8:32 | Barracks |
| 8:34 | Barracks |
| 8:41 | Storm Bolt |
| 8:52 | Blacksmith |
| 8:55 | Iron Plating |
| 9:06 | Brilliance Aura |
| 9:39 | Scroll of Regeneration |
| 9:41 | Scroll of Town Portal |
| 9:48 | Priest |
| 9:48 | Priest |
| 9:49 | Priest |
| 9:49 | Priest |
| 9:50 | Priest |
| 9:50 | Priest Adept Training |
| 9:54 | Animal War Training |
| 9:57 | Iron Forged Swords |
| 10:10 | Lesser Clarity Potion |
| 10:34 | Staff of Sanctuary |
| 10:43 | Steel Plating |
| 11:01 | Steel Forged Swords |
| 11:02 | Guard Tower |
| 11:21 | Holy Light |
| 11:21 | Staff of Sanctuary |
| 11:25 | Guard Tower |
| 11:40 | Scroll of Town Portal |
| 11:48 | Priest Master Training |
| 11:57 | Knight |
| 12:01 | Mithril Plating |
| 12:03 | Farm |
| 12:04 | Farm |
| 12:29 | Scroll of Regeneration |
| 12:31 | Potion of Mana |
| 12:31 | Potion of Mana |
| 12:52 | Lesser Clarity Potion |
| 12:56 | Knight |
| 13:11 | Knight |
| 13:37 | Priest |
| 13:51 | Farm |
| 13:52 | Farm |
| 13:57 | Mithril Forged Swords |
| 14:36 | Thunder Clap |
| 14:41 | Knight |
| 15:13 | Knight |
| 15:14 | Knight |
| 15:28 | Boots of Speed |
| 15:30 | Scroll of Healing |
| 15:38 | Potion of Lesser Invulnerability |
| 15:38 | Potion of Lesser Invulnerability |
| 16:09 | Knight |
| 16:12 | Farm |
| 16:37 | Divine Shield |
| 16:47 | Knight |
| 17:10 | Thunder Clap |
| 17:18 | Scroll of Town Portal |
| 17:19 | Scroll of Healing |
| 18:07 | Holy Light |
| 18:21 | Priest |
| 18:41 | Summon Water Elemental |
| 20:02 | Storm Bolt |
| Select group | 1897 |
| Right click | 822 |
| Select | 599 |
| Build/train/purchase | 220 |
| Misc. action | 118 |
| Assign group | 66 |
| Use ability | 66 |
| Esc | 5 |
| Item give/drop | 3 |

| Anti-magic Potion | 1 | 100 |
| Scroll of Town Portal | 4 | 1400 |
| Boots of Speed | 1 | 250 |
| total: | 6 | 1750g |
| Wisp | 33 | 1980 | / | 0 |
| Archer | 5 | 650 | / | 50 |
| Dryad | 5 | 725 | / | 300 |
| Hippogryph | 3 | 480 | / | 60 |
| Druid of the Claw | 3 | 765 | / | 240 |
| Druid of the Talon | 3 | 435 | / | 60 |
| Huntress | 4 | 780 | / | 80 |
| Mountain Giant | 3 | 1050 | / | 300 |
| Chimaera | 2 | 660 | / | 140 |
| total: | 61 | 7525g | / | 1230w |
| Ancient Protector | 3 | 405 | / | 240 |
| Moon Well | 8 | 1440 | / | 320 |
| Ancient of War | 2 | 300 | / | 120 |
| Altar of Elders | 1 | 180 | / | 50 |
| Hunter's Hall | 2 | 420 | / | 200 |
| Tree of Life | 2 | 680 | / | 370 |
| Ancient of Wonders | 1 | 90 | / | 30 |
| Ancient of Lore | 1 | 155 | / | 145 |
| Ancient of Wind | 1 | 150 | / | 140 |
| Chimaera Roost | 1 | 140 | / | 190 |
| Tree of Ages | 1 | 320 | / | 180 |
| Tree of Eternity | 1 | 330 | / | 200 |
| total: | 22 | 3960g | / | 1805w |
| 0:03 | Wisp |
| 0:03 | Wisp |
| 0:03 | Wisp |
| 0:19 | Moon Well |
| 0:45 | Moon Well |
| 0:47 | Wisp |
| 0:48 | Wisp |
| 1:04 | Ancient of War |
| 1:06 | Wisp |
| 1:17 | Wisp |
| 1:26 | Wisp |
| 1:38 | Ancient of War |
| 1:44 | Wisp |
| 1:51 | Altar of Elders |
| 1:56 | Wisp |
| 2:18 | Archer |
| 2:21 | Wisp |
| 2:37 | Hunter's Hall |
| 2:43 | Wisp |
| 2:46 | Archer |
| 2:49 | Archer |
| 2:54 | Wisp |
| 3:08 | Archer |
| 3:19 | Wisp |
| 3:28 | Wisp |
| 3:39 | Moon Well |
| 3:52 | Moon Armor |
| 4:03 | Tree of Ages |
| 4:16 | Strength of the Moon |
| 4:32 | Entangling Roots |
| 4:37 | Ancient Protector |
| 4:44 | Archer |
| 5:23 | Tree of Life |
| 5:29 | Thorns Aura |
| 5:41 | Improved Moon Armor |
| 5:46 | Hunter's Hall |
| 5:52 | Advanced Moon Armor |
| 6:05 | Ancient Protector |
| 6:15 | Ancient Protector |
| 6:30 | Wisp |
| 6:56 | Ancient of Lore |
| 7:06 | Wisp |
| 7:23 | Tree of Eternity |
| 7:32 | Wisp |
| 7:32 | Wisp |
| 7:32 | Wisp |
| 7:32 | Wisp |
| 7:47 | Ancient of Wind |
| 8:04 | Wisp |
| 8:05 | Wisp |
| 8:14 | Boots of Speed |
| 8:38 | Dryad |
| 8:44 | Reinforced Hides |
| 9:07 | Hippogryph |
| 9:11 | Abolish Magic |
| 9:42 | Moon Well |
| 9:43 | Moon Well |
| 9:44 | Moon Well |
| 9:48 | Well Spring |
| 9:54 | Hippogryph |
| 9:57 | Dryad |
| 10:19 | Hippogryph |
| 10:21 | Improved Reinforced Hides |
| 10:23 | Strength of the Wild |
| 10:47 | Druid of the Claw |
| 11:04 | Ancient of Wonders |
| 11:18 | Druid of the Claw |
| 11:21 | Druid of the Talon |
| 11:27 | Huntress |
| 11:29 | Moon Glaive |
| 11:34 | Chimaera Roost |
| 11:44 | Moon Well |
| 11:47 | Moon Well |
| 11:54 | Druid of the Talon Adept Training |
| 12:03 | Wisp |
| 12:04 | Wisp |
| 12:06 | Druid of the Claw Adept Training |
| 12:28 | Wisp |
| 12:28 | Wisp |
| 12:31 | Wisp |
| 12:33 | Dryad |
| 12:50 | Ultravision |
| 13:03 | Dryad |
| 13:05 | Huntress |
| 13:44 | Scroll of Town Portal |
| 13:56 | Thorns Aura |
| 13:58 | Mountain Giant |
| 13:59 | Advanced Reinforced Hides |
| 14:03 | Improved Strength of the Wild |
| 14:35 | Druid of the Claw Master Training |
| 14:40 | Druid of the Talon Master Training |
| 15:21 | Mountain Giant |
| 15:24 | Huntress |
| 15:31 | Druid of the Talon |
| 15:47 | Chimaera |
| 16:12 | Scroll of Town Portal |
| 16:13 | Scroll of Town Portal |
| 16:34 | Mark of the Talon |
| 17:27 | Tree of Life |
| 17:32 | Chimaera |
| 17:34 | Advanced Strength of the Wild |
| 17:48 | Druid of the Talon |
| 17:51 | Dryad |
| 17:53 | Huntress |
| 18:02 | Scroll of Town Portal |
| 18:03 | Anti-magic Potion |
| 18:36 | Druid of the Claw |
| 18:40 | Mountain Giant |
| 18:48 | Corrosive Breath |
| 19:21 | Entangling Roots |
| 19:52 | Wisp |
| 19:52 | Wisp |
| 19:52 | Wisp |
| 19:52 | Wisp |
| 19:52 | Wisp |
| Right click | 331 |
| Select | 287 |
| Build/train/purchase | 107 |
| Use ability | 18 |
| Select group | 18 |
| Chat | 10 |
| Assign group | 8 |
| Remove unit | 6 |
| Misc. action | 5 |
| Item give/drop | 2 |



| Rod of Necromancy | 3 | 450 |
| Potion of Mana | 1 | 200 |
| Potion of Healing | 2 | 300 |
| Orb of Corruption | 1 | 375 |
| Scroll of Town Portal | 1 | 350 |
| total: | 8 | 1675g |
| Acolyte | 7 | 525 | / | 0 |
| Ghoul | 8 | 960 | / | 0 |
| Crypt Fiend | 13 | 2795 | / | 520 |
| Obsidian Statue | 8 | 1600 | / | 280 |
| Banshee | 7 | 1085 | / | 210 |
| total: | 43 | 6965g | / | 1010w |
| Nerubian Tower | 1 | 100 | / | 20 |
| Crypt | 3 | 600 | / | 150 |
| Ziggurat | 7 | 1050 | / | 350 |
| Altar of Darkness | 1 | 180 | / | 50 |
| Tomb of Relics | 1 | 130 | / | 30 |
| Necropolis | 1 | 225 | / | 0 |
| Graveyard | 1 | 215 | / | 0 |
| Slaughterhouse | 1 | 140 | / | 135 |
| Temple of the Damned | 1 | 155 | / | 140 |
| Halls of the Dead | 1 | 320 | / | 210 |
| Black Citadel | 1 | 325 | / | 230 |
| total: | 16 | 2695g | / | 855w |
| 0:08 | Crypt |
| 0:11 | Crypt |
| 0:13 | Ziggurat |
| 0:15 | Acolyte |
| 0:15 | Acolyte |
| 0:48 | Altar of Darkness |
| 0:58 | Acolyte |
| 1:00 | Acolyte |
| 1:12 | Ghoul |
| 1:27 | Ziggurat |
| 1:38 | Ghoul |
| 1:38 | Ghoul |
| 1:38 | Ghoul |
| 1:51 | Ghoul |
| 2:14 | Ghoul |
| 2:30 | Ghoul |
| 2:37 | Tomb of Relics |
| 2:59 | Ghoul |
| 3:03 | Cleaving Attack |
| 3:19 | Halls of the Dead |
| 3:49 | Rod of Necromancy |
| 4:54 | Necropolis |
| 4:59 | Rain of Fire |
| 5:16 | Graveyard |
| 5:32 | Crypt |
| 5:59 | Rod of Necromancy |
| 6:36 | Acolyte |
| 6:37 | Acolyte |
| 6:37 | Acolyte |
| 6:39 | Ziggurat |
| 6:42 | Potion of Mana |
| 6:52 | Death Coil |
| 6:57 | Crypt Fiend |
| 7:01 | Rain of Fire |
| 7:19 | Crypt Fiend |
| 7:23 | Slaughterhouse |
| 7:24 | Nerubian Tower |
| 7:31 | Crypt Fiend |
| 7:55 | Crypt Fiend |
| 7:56 | Black Citadel |
| 8:12 | Scroll of Town Portal |
| 8:35 | Rod of Necromancy |
| 8:39 | Potion of Healing |
| 8:47 | Obsidian Statue |
| 8:48 | Crypt Fiend |
| 9:01 | Temple of the Damned |
| 9:25 | Obsidian Statue |
| 9:29 | Ziggurat |
| 9:31 | Unholy Aura |
| 9:43 | Crypt Fiend |
| 9:57 | Web |
| 10:00 | Creature Attack |
| 10:15 | Crypt Fiend |
| 11:04 | Banshee Adept Training |
| 11:04 | Banshee |
| 11:20 | Orb of Corruption |
| 11:22 | Potion of Healing |
| 11:27 | Creature Carapace |
| 11:34 | Frost Nova |
| 11:54 | Destroyer Form |
| 12:00 | Crypt Fiend |
| 12:26 | Banshee |
| 12:32 | Ziggurat |
| 13:05 | Improved Creature Carapace |
| 13:08 | Banshee |
| 13:12 | Ziggurat |
| 13:48 | Obsidian Statue |
| 14:11 | Crypt Fiend |
| 14:13 | Obsidian Statue |
| 14:59 | Obsidian Statue |
| 15:01 | Crypt Fiend |
| 15:18 | Obsidian Statue |
| 15:33 | Crypt Fiend |
| 15:50 | Obsidian Statue |
| 16:14 | Banshee |
| 16:48 | Cleaving Attack |
| 16:57 | Obsidian Statue |
| 16:59 | Banshee |
| 17:02 | Crypt Fiend |
| 17:19 | Crypt Fiend |
| 18:19 | Banshee |
| 18:58 | Banshee |
| 19:01 | Ziggurat |
| 19:12 | Improved Creature Attack |
| 19:56 | Frost Armor |
| 19:58 | Death Coil |
| 20:00 | Rain of Fire |
| Right click | 1255 |
| Select group | 620 |
| Select | 416 |
| Build/train/purchase | 112 |
| Misc. action | 66 |
| Assign group | 65 |
| Use ability | 54 |
| Item give/drop | 5 |
| Esc | 2 |
⇛